Map: Ley Lines

Players

SCYPaYmAn

  • Race: Terran Terran
  • League: Diamond
  • Spawn Location: 7:00

Jextinction - Winner!

  • Race: Zerg Zerg
  • League: Master
  • Spawn Location: 1:00

VOD

Have the link to the VOD?

Description

Close game against a Turtle Terran.

Time

  • Played on: Jan. 4, 2025, 5:39 p.m.
  • Length: 27:00
Show
View Real Time Build Order
Export as new Build Order

SCYPaYmAn Terran 

Build Orders: Reaper Expand, Mech 

Get SALT Encoding   

  12  0:00  SCV  
  13  0:12  SCV  
  14  0:17  Supply Depot  
  14  0:24  SCV  
  15  0:38  SCV  
  15  0:40  Barracks  
  16  0:44  Refinery  
  16  0:50  SCV  
  17  1:02  SCV  
  18  1:14  SCV  
  19  1:27  Orbital Command  
  19  1:29  Reaper  
  20  1:39  Command Center  
  20  1:46  Supply Depot  
  20  1:52  SCV  
  21  2:00  Marine  
  23  2:08  SCV  
  23  2:10  Factory  
  23  2:20  SCV  
  23  2:21  Barracks Reactor  
  24  2:32  SCV  
  25  2:44  SCV  
  26  2:51  Command Center  
  26  2:55  Orbital Command  
  26  2:57  SCV  
  27  2:59  Refinery  
  27  3:09  SCV  
  28  3:19  Refinery  
  28  3:21  SCV  
  29  3:27  SCV  
  29  3:31  Hellion x2  
  34  3:36  Barracks Tech Lab  
  34  3:38  Factory  
  33  3:51  SCV x2  
  33  3:53  Hellion x2  
  39  4:03  SCV  
  39  4:05  Orbital Command  
  41  4:12  Starport  
  41  4:14  Hellion  
  41  4:15  SCV  
  43  4:18  Supply Depot  
  44  4:27  SCV, Orbital Command  
  44  4:33  SCV  
  44  4:35  Supply Depot  
  44  4:37  Hellion  
  44  4:38  Hellion, Cyclone  
  52  4:39  SCV  
  52  4:41  Mag-Field Accelerator  
  53  4:46  SCV  
  54  4:53  Fusion Core  
  54  4:54  Starport Tech Lab  
  54  4:55  SCV  
  54  4:56  SCV  
  54  4:59  Refinery  
  56  5:01  SCV  
  57  5:07  SCV  
  57  5:08  Engineering Bay  
  57  5:09  SCV  
  57  5:12  Supply Depot  
  57  5:13  SCV  
  60  5:19  SCV  
  61  5:21  SCV  
  61  5:26  SCV  
  61  5:27  Hellion  
  61  5:28  Hellion, Cyclone  
  70  5:31  SCV  
  70  5:33  SCV  
  72  5:38  SCV  
  73  5:43  SCV  
  73  5:45  SCV  
  75  5:52  SCV  
  75  5:55  Hellion  
  75  5:56  Hellion  
  80  5:57  Supply Depot, SCV  
  81  6:06  Missile Turret  
  81  6:07  Missile Turret  
  81  6:08  SCV x2  
  81  6:09  SCV  
  84  6:18  Factory  
  84  6:19  Factory, Siege Tank, Battlecruiser  
  84  6:22  Supply Depot  
  93  6:39  SCV x3  
  100  6:40  Supply Depot, Hellion x2  
  100  6:44  Supply Depot  
  98  6:51  SCV  
  98  6:52  SCV  
  101  6:54  SCV  
  101  6:56  Cyclone  
  101  7:00  Infernal Pre-Igniter  
  104  7:03  Refinery  
  104  7:04  Refinery, SCV x2, Command Center  
  104  7:06  SCV, Command Center  
  104  7:07  Hellion  
  109  7:16  SCV  
  109  7:21  Factory Tech Lab  
  109  7:22  Factory Tech Lab  
  110  7:23  Factory  
  110  7:25  Factory  
  110  7:28  Siege Tank, SCV x2  
  110  7:29  SCV  
  116  7:33  Hellion  
  116  7:34  Hellion  
  120  7:40  SCV  
  120  7:41  SCV  
  120  7:43  Missile Turret  
  122  7:49  Siege Tank  
  125  8:03  Siege Tank  
  113  8:11  Factory Tech Lab x2  
  113  8:12  Siege Tank, Hellion x2  
  108  8:21  Siege Tank, Battlecruiser  
  108  8:23  SCV x2  
  119  8:35  Siege Tank  
  119  8:40  Cyclone x2  
  119  8:41  SCV, Hellion x2  
  130  8:44  Cyclone  
  130  8:45  SCV x2  
  136  8:53  SCV  
  136  8:54  Cyclone  
  136  8:55  Orbital Command  
  140  8:57  Refinery  
  140  8:58  Refinery  
  140  9:02  Hellion x2  
  144  9:05  SCV  
  144  9:08  Siege Tank  
  144  9:09  Missile Turret  
  148  9:12  Siege Tank, Cyclone  
  154  9:17  SCV  
  154  9:20  Armory  
  154  9:21  Armory  
  154  9:23  Factory  
  155  9:26  Factory  
  155  9:30  Planetary Fortress  
  155  9:36  Supply Depot  
  155  9:43  SCV x3  
  158  9:46  Cyclone x4  
  158  9:47  Cyclone  
  158  9:49  Factory  
  160  10:18  Cyclone  
  163  10:23  Cyclone  
  163  10:24  Cyclone  
  169  10:29  SCV x2  
  163  10:37  Cyclone x2  
  166  10:44  SCV x2  
  164  10:50  Cyclone  
  146  10:59  SCV x2  
  146  11:02  Cyclone x2  
  146  11:03  Factory Tech Lab  
  154  11:06  Hellion x2  
  154  11:09  Cyclone x2  
  164  11:20  Missile Turret x2  
  164  11:22  Cyclone  
  167  11:25  Missile Turret  
  167  11:29  Cyclone  
  170  11:34  Cyclone x2  
  176  11:41  Hellion x3  
  176  11:45  Terran Vehicle Weapons Level 1, Terran Vehicle And Ship Armor Level 1  
  176  11:46  SCV x3  
  185  11:51  Missile Turret  
  185  11:54  Missile Turret  
  182  12:10  Command Center  
  182  12:12  Cyclone  
  185  12:17  Supply Depot, Cyclone x3  
  185  12:19  Supply Depot  
  185  12:21  Supply Depot  
  185  12:22  Supply Depot  
  194  12:23  Missile Turret  
  194  12:39  Cyclone  
  166  13:20  Cyclone x6  
  166  13:26  Command Center  
  184  13:35  Hellion x2  
  182  13:52  Cyclone x5  
  182  13:53  Cyclone  
  182  13:55  SCV x2  
  196  13:56  Hellion x2  
  196  13:58  Terran Vehicle Weapons Level 2, Terran Vehicle And Ship Armor Level 2  
  200  14:07  Weapon Refit  
  200  14:18  Command Center  
  200  14:21  Command Center  
  194  14:38  Thor  
  190  14:51  Thor  
  190  14:52  Cyclone x2  
  193  15:02  Cyclone x2  
  193  15:04  Hellion x2  
  165  15:07  Battlecruiser  
  165  15:21  Cyclone  
  165  15:24  Thor, Cyclone  
  160  15:31  SCV  
  160  15:32  SCV  
  160  15:33  Thor  
  164  15:43  Command Center  
  164  15:47  Missile Turret  
  164  15:48  Planetary Fortress, Missile Turret  
  164  15:49  Missile Turret  
  162  15:50  Orbital Command x2  
  162  15:58  Thor  
  162  15:59  Hellion x2  
  172  16:09  Thor  
  178  16:16  Cyclone  
  178  16:17  Cyclone  
  172  16:22  Thor  
  172  16:28  Hellion  
  172  16:29  Hellion  
  172  16:30  SCV  
  177  16:41  Cyclone x2  
  183  17:03  Liberator  
  183  17:04  Cyclone  
  174  17:10  Cyclone  
  174  17:33  SCV x2  
  176  17:38  Cyclone  
  176  17:39  Hellion x2  
  176  17:43  Unknown, Starport  
  176  17:44  Starport  
  188  17:53  Battlecruiser  
  175  18:01  Planetary Fortress  
  193  18:15  SCV  
  194  18:25  Refinery  
  182  18:29  Refinery  
  134  18:43  Starport Tech Lab  
  131  18:53  Siege Tank, Hellion  
  138  19:00  Hellion  
  133  19:14  Starport Tech Lab  
  133  19:16  SCV, Battlecruiser  
  138  19:23  SCV x2  
  138  19:33  Starport Tech Lab  
  138  19:34  Factory Tech Lab x4  
  138  19:36  Factory Tech Lab x3  
  138  19:41  Command Center  
  128  19:53  Orbital Command  
  128  19:54  SCV x2  
  117  20:00  Thor  
  117  20:01  Thor x2  
  117  20:02  Cyclone x4  
  117  20:05  SCV  
  141  20:12  SCV  
  142  20:18  Command Center  
  142  20:27  Starport Tech Lab  
  142  20:34  Cyclone  
  142  20:35  Banshee  
  148  20:36  SCV  
  137  20:43  Siege Tank  
  128  21:09  SCV x2  
  128  21:10  SCV  
  131  21:17  Siege Tank  
  131  21:18  Siege Tank x3  
  143  21:23  Hellion x2  
  143  21:25  SCV x4  
  151  21:38  SCV  
  164  21:40  Battlecruiser x2  
  164  21:42  Missile Turret  
  164  21:44  Missile Turret  
  164  21:59  Siege Tank x2  
  170  22:01  Armory  
  168  22:14  Hellion x2  
  174  22:16  Hellion x2  
  174  22:21  Starport Tech Lab  
  176  22:26  SCV x2  
  176  22:27  SCV  
  179  22:35  SCV  
  159  23:28  Missile Turret  
  159  23:29  Missile Turret  
  159  23:31  SCV x2  
  161  23:36  Factory Tech Lab, Command Center  
  161  23:50  Factory Tech Lab  
  161  23:58  Factory Tech Lab, SCV x2  
  161  23:59  SCV x3  
  161  24:01  SCV  
  166  24:08  Engineering Bay  
  166  24:10  SCV, Thor  
  166  24:15  Starport Tech Lab  
  173  24:17  Fusion Core  
  173  24:18  Refinery  
  173  24:19  Siege Tank  
  173  24:20  Refinery  
  173  24:22  Terran Vehicle And Ship Armor Level 3  
  176  24:26  SCV x3  
  167  24:39  Orbital Command  
  167  24:44  Planetary Fortress  
  167  24:46  Missile Turret  
  167  24:48  Missile Turret  
  167  24:49  Missile Turret  
  167  24:50  SCV x2  
  167  24:52  Siege Tank  
  172  25:02  Factory  
  164  25:07  Fusion Core  
  164  25:11  Factory  
  164  25:13  Liberator x2  
  170  25:17  Factory  
  152  25:36  Siege Tank  
  152  25:37  Siege Tank  
  165  25:48  Factory Tech Lab  
  160  26:13  Siege Tank x2, Unknown  
Show
View Real Time Build Order
Export as new Build Order

Jextinction Zerg - Winner!

Build Orders: Hatch First 

Get SALT Encoding   

  12  0:00  Drone  
  13  0:09  Drone  
  14  0:15  Extractor  
  14  0:16  Drone  
  15  0:23  Overlord  
  15  0:41  Drone  
  16  0:46  Hatchery  
  15  0:50  Drone  
  15  0:53  Drone  
  17  0:57  Drone  
  18  1:10  Extractor  
  17  1:12  Spawning Pool  
  17  1:15  Drone  
  17  1:19  Drone  
  18  1:26  Drone  
  19  1:37  Drone  
  20  1:50  Overlord  
  20  1:59  Queen x2  
  20  2:00  Zergling x2  
  20  2:01  Zergling x2  
  26  2:16  Drone  
  26  2:17  Metabolic Boost  
  27  2:25  Drone x2  
  27  2:26  Drone  
  30  2:34  Spore Crawler  
  29  2:47  Drone x2  
  29  2:48  Overlord  
  31  2:56  Queen  
  33  3:07  Hatchery  
  33  3:11  Drone x4  
  36  3:13  Drone x3  
  39  3:20  Drone  
  39  3:21  Overlord  
  40  3:32  Drone x3  
  40  3:33  Drone  
  44  3:38  Overlord  
  44  3:39  Queen  
  46  3:50  Drone x2  
  46  3:51  Overlord  
  46  3:53  Drone x4  
  52  4:04  Drone x2  
  52  4:07  Baneling Nest, Drone  
  52  4:09  Drone x2  
  56  4:14  Overlord  
  56  4:19  Queen  
  56  4:20  Queen  
  60  4:27  Zergling x10  
  65  4:35  Drone x2  
  65  4:36  Drone  
  68  4:47  Drone  
  68  4:49  Roach Warren  
  68  4:50  Zergling x2  
  68  4:51  Zergling x10  
  74  4:55  Overlord  
  74  4:56  Overlord  
  74  5:01  Queen  
  74  5:02  Queen  
  74  5:07  Drone x2  
  79  5:09  Lair  
  79  5:10  Extractor  
  79  5:12  Drone x2  
  79  5:13  Extractor x2, Drone  
  79  5:14  Drone x2  
  82  5:27  Zergling x2  
  82  5:28  Zergling x2  
  84  5:30  Drone x2  
  84  5:31  Drone x2  
  84  5:34  Drone x2  
  90  5:37  Overlord  
  90  5:38  Overlord  
  89  5:55  Queen  
  91  5:58  Overlord x3  
  91  6:04  Hatchery x2, Drone  
  91  6:08  Glial Reconstitution  
  91  6:09  Evolution Chamber x2  
  91  6:11  Drone  
  89  6:13  Drone  
  89  6:14  Drone x3  
  89  6:15  Hatchery  
  89  6:16  Drone  
  93  6:20  Drone  
  93  6:21  Extractor x2  
  93  6:22  Drone x6  
  98  6:27  Roach, Zergling x2  
  98  6:28  Roach x2  
  98  6:30  Overlord  
  104  6:43  Roach x5  
  111  6:47  Hydralisk Den  
  111  6:49  Zerg Melee Weapons Level 1, Zerg Missile Weapons Level 1  
  111  6:53  Zergling x2  
  110  6:54  Roach x3  
  114  7:02  Overseer  
  114  7:10  Roach, Zergling x4  
  114  7:11  Roach x7  
  127  7:16  Zergling x2  
  127  7:17  Zergling x10  
  132  7:24  Zergling x2  
  132  7:27  Overlord x2  
  133  7:30  Drone  
  133  7:31  Drone x3  
  137  7:40  Overlord x2  
  137  7:41  Overlord  
  137  7:42  Muscular Augments  
  137  7:46  Lurker Den  
  137  7:47  Drone x7  
  137  7:48  Drone  
  144  7:52  Ravager x3  
  144  7:54  Zergling x8  
  147  8:11  Spore Crawler  
  145  8:13  Spire  
  139  8:20  Roach x5  
  145  8:32  Roach x7, Zergling x2  
  145  8:33  Zergling x16  
  158  8:45  Zerg Missile Weapons Level 2, Zerg Melee Weapons Level 2  
  158  8:47  Infestation Pit  
  158  8:48  Drone x7  
  164  8:52  Spore Crawler x2  
  164  8:53  Spore Crawler  
  161  9:00  Zergling x2  
  161  9:01  Zergling x6  
  165  9:06  Hatchery, Drone x2  
  165  9:08  Drone x4  
  170  9:14  Spore Crawler  
  169  9:22  Overlord x2  
  169  9:23  Overlord  
  169  9:25  Hive  
  169  9:26  Zerg Flyer Weapons Level 1  
  169  9:33  Corruptor x3  
  174  9:53  Corruptor x6  
  180  10:01  Pneumatized Carapace  
  180  10:05  Burrow  
  175  10:23  Corruptor x2  
  175  10:28  Infestor x2  
  179  10:29  Hatchery  
  174  10:42  Spire  
  173  10:43  Spore Crawler  
  173  10:45  Ultralisk Cavern  
  173  10:47  Roach x7, Spore Crawler  
  173  11:09  Drone x2  
  173  11:10  Drone  
  176  11:13  Drone x3  
  176  11:16  Extractor  
  178  11:18  Extractor  
  178  11:22  Zerg Ground Armor Level 1, Zerg Missile Weapons Level 3  
  178  11:23  Greater Spire  
  177  11:37  Spore Crawler x2, Drone x2  
  177  11:38  Spore Crawler, Drone x5  
  177  11:39  Overlord x4  
  181  11:41  Overseer x3  
  181  11:42  Overseer  
  180  12:07  Roach x3  
  180  12:08  Roach x4  
  185  12:09  Grooved Spines  
  185  12:20  Hydralisk x5  
  185  12:22  Ravager  
  196  12:23  Ravager x2  
  198  12:42  Zerg Flyer Weapons Level 2  
  198  12:43  Zerg Flyer Armor Level 1  
  198  12:53  Extractor  
  198  12:54  Extractor  
  157  13:17  Roach x14  
  165  13:21  Roach, Hydralisk x4  
  165  13:22  Roach x5  
  165  13:23  Corruptor  
  165  13:24  Corruptor x6  
  189  13:36  Adrenal Glands  
  189  13:55  Brood Lord x3  
  195  13:59  Brood Lord  
  197  14:06  Hatchery  
  196  14:28  Corruptor x2  
  196  14:37  Zerg Ground Armor Level 2  
  186  14:44  Roach  
  186  14:45  Roach x8  
  170  15:08  Nydus Network x2  
  168  15:16  Corruptor x2  
  168  15:17  Corruptor x2  
  156  15:30  Zerg Flyer Armor Level 2, Zerg Flyer Weapons Level 3  
  152  15:49  Hydralisk x2  
  152  15:50  Hydralisk x6  
  152  15:51  Hydralisk  
  170  15:58  Overseer  
  170  16:00  Overseer  
  170  16:06  Hydralisk x2  
  170  16:07  Roach x4  
  182  16:17  Hydralisk x6  
  163  16:38  Zerg Melee Weapons Level 3  
  163  16:54  Lurker x9  
  163  16:59  Seismic Spines  
  140  17:12  Zergling x28  
  140  17:13  Zergling x26, Hydralisk x7  
  161  17:31  Hydralisk  
  161  17:32  Hydralisk x5  
  161  17:33  Zergling x8  
  169  17:49  Drone x8  
  169  17:50  Drone x2  
  177  17:54  Drone x7  
  177  17:56  Drone x2  
  177  17:57  Adaptive Talons, Drone  
  177  17:58  Drone x3  
  189  18:02  Unknown  
  188  18:07  Nydus Canal  
  186  18:30  Zergling x8, Hydralisk x4  
  186  18:31  Zergling x12, Hydralisk  
  199  18:41  Zergling x26  
  181  19:01  Zergling x14, Hydralisk  
  181  19:02  Hydralisk  
  192  19:08  Zerg Flyer Armor Level 3  
  192  19:09  Zerg Ground Armor Level 3  
  183  19:22  Hydralisk x4  
  183  19:23  Hydralisk x4  
  196  19:29  Hatchery  
  193  19:38  Hatchery  
  169  19:48  Zergling x18  
  169  19:49  Zergling x16  
  177  19:56  Lurker  
  177  19:57  Lurker x5  
  180  20:00  Lurker x2  
  164  20:09  Hatchery  
  158  20:52  Hydralisk  
  158  20:53  Hydralisk x6  
  158  20:54  Hydralisk  
  159  21:00  Corruptor  
  159  21:01  Corruptor x4  
  163  21:13  Zergling x2, Hydralisk  
  163  21:14  Zergling x18, Hydralisk x2  
  179  21:19  Extractor x2  
  173  21:50  Lurker  
  173  21:51  Lurker x7  
  167  22:04  Zergling x2  
  167  22:05  Zergling x38  
  167  22:07  Corruptor  
  167  22:08  Corruptor x6  
  171  22:11  Infestor  
  171  22:12  Infestor  
  171  22:13  Infestor  
  187  22:21  Nydus Canal  
  177  22:38  Neural Parasite  
  152  23:02  Zergling x42  
  152  23:04  Ultralisk x2  
  162  23:23  Lurker  
  162  23:24  Lurker x5  
  168  23:35  Overseer  
  168  23:36  Overseer x2  
  167  23:43  Drone x11  
  163  24:13  Zergling x2, Ultralisk x2  
  163  24:15  Anabolic Synthesis  
  176  24:27  Zergling x2  
  176  24:28  Zergling x36  
  182  24:42  Ultralisk  
  182  24:43  Zergling x20  
  182  24:44  Zergling x2  
  199  24:57  Chitinous Plating  
  199  25:04  Overseer x3  
  197  25:31  Overlord  
  197  25:32  Overlord x5  
  195  25:44  Overseer  
  188  26:07  Corruptor x5  
  191  26:11  Lurker  
  191  26:13  Hydralisk  
  191  26:14  Hydralisk  
  191  26:16  Zergling x2, Hydralisk  
  199  26:19  Zergling x2  
  198  26:27  Overseer  
  198  26:30  Overseer x2  
  198  26:31  Overseer x2  
  198  26:35  Nydus Canal  
  198  26:37  Overseer  
  181  26:54  Nydus Canal  
Tags
 
Composition
Mech
Matchup
TvZ
Spawn Locations
Cross Positions
Add a new tag
Caveats
  • Supply blocks, unpowered buildings, or Contaminate may cause inaccurate times.
  • Supply counts are checked every 10 seconds.